 Dungeon Crawl Stone Soup version 0.28.0 (webtiles) character file.

Game seed: 12668184387580040598

2 Cykl0x the Digger (level 1, -1/10 HPs)
             Began as a Gargoyle Earth Elementalist on Feb 10, 2022.
             Slain by a goblin (4 damage)
             ... on level 1 of the Dungeon.
             The game lasted 00:00:14 (96 turns).

Cykl0x the Digger (Gargoyle Earth Elementalist)       Turns: 96, Time: 00:00:15

Health: -1/10      AC:  4    Str: 11    XL:     1   Next: 40%
Magic:  0/3        EV: 11    Int: 15    God:
Gold:   13         SH:  0    Dex: 10    Spells: 3/4 levels left

rFire   . . .      SeeInvis .   d - +0 dagger
rCold   . . .      Faith    .   (no shield)
rNeg    + . .      Spirit   .   b - +0 robe
rPois   ∞          Reflect  .   (no helmet)
rElec   +          Harm     .   (no cloak)
rCorr   .          Rampage  .   (no gloves)
Will    .....                   (no boots)
Stlth   ++........              (no amulet)
HPRegen 0.03/turn               (no ring)
MPRegen 0.08/turn               (no ring)

@: no status effects
A: sickness immunity, AC +2, negative energy resistance 1, electricity
resistance, torment resistance 1, petrification resistance
a: no special abilities


You were on level 1 of the Dungeon.
You visited 1 branch of the dungeon, and saw 1 of its levels.

You collected 13 gold pieces.

Inventory:

Hand Weapons
 d - a +0 dagger (weapon)
Missiles
 c - 27 stones
Armour
 b - a +0 robe (worn)
Scrolls
 a - a scroll of amnesia {unknown}


   Skills:
 + Level 1.5 Dodging
 - Level 2.1 Stealth
 + Level 2.0 Spellcasting
 * Level 0.5 Conjurations
 - Level 0.7 Transmutations
 + Level 3.6 Earth Magic


You had 3 spell levels left.
You knew the following spells:

 Your Spells              Type           Power      Damage    Failure   Level
a - Sandblast             Erth           24%        2d8       4%          1

Your spell library contained the following spells:

 Spells                   Type           Power      Damage    Failure   Level
 Passwall                 Tmut/Erth      6%         N/A       14%         2
 Stone Arrow              Conj/Erth      14%        3d7       28%         3
 Petrify                  Tmut/Erth      8%         N/A       65%         4


Dungeon Overview and Level Annotations

Branches:
Dungeon (1/15)

Altars:


Innate Abilities, Weirdness & Mutations

You are immune to sickness and miasma.
Your stone body is resilient. (AC +2)
You are immune to poison.
You resist negative energy. (rN+)
You are resistant to electric shocks. (rElec)
You are resistant to unholy torment.
You are immune to petrification.


Message History

An endoplasm comes into view.
You can't see any susceptible monsters within range! (Use Z to cast anyway.)
The endoplasm quivers.
The blast of sand hits the endoplasm!
You kill the endoplasm!
Magic restored.
a - a scroll labelled WAREHOH MAVE A goblin comes into view.
It is wielding a +0 dagger.
The goblin shouts!
You hear a shout!
You miscast Sandblast.
You are very lightly contaminated with residual magic.
Nothing appears to happen.
A goblin is nearby!
The blast of sand misses the goblin.
The goblin closely misses you.
The blast of sand misses the goblin.
The goblin hits you with a +0 dagger.
You are too depleted to draw on your mana recklessly!
You hit the goblin.
The goblin is severely wounded.
A goblin comes into view. It is wielding a +0 club.
The goblin barely misses you.
You closely miss the goblin.
The goblin is severely wounded.
The goblin hits you with a +0 dagger.
You closely miss the goblin.
The goblin is severely wounded.
The goblin hits you with a +0 dagger.
You barely miss the goblin.
The goblin is severely wounded.
The goblin barely misses you.
Your magical contamination has completely faded away.
You hit the goblin.
You kill the goblin!
You see here a +0 dagger.
You closely miss the goblin. You punch the goblin.
The goblin is severely wounded.
The goblin hits you with a +0 club.
* * * LOW HITPOINT WARNING * * *
d - a +0 dagger (weapon)
The goblin hits you with a +0 club.
You die...

......# ......# .... #.#.###
.... ......# .... ......# ...
..#.### ..# ......# #.#
##..###### #####g.#
.........# #...@.#
########.####...###
####.........###
#.......####...########
###.####### ###........###
#...# ########...# #.###
#....#
###.####################.####
.........................#


You could see a goblin.

Vanquished Creatures
  An endoplasm (D:1)
  A goblin (D:1)
2 creatures vanquished.

Notes
Turn   | Place    | Note
-------+----------+-------------------------------------------
     0 | D:1      | Cykl0x the Gargoyle Earth Elementalist began the quest for
                  | the Orb.
     0 | D:1      | Reached XP level 1. HP: 10/10 MP: 3/3
    96 | D:1      | Slain by a goblin

Illustrated notes

Levels and vault maps discovered:
D:1:      dpeg_arrival_ternary, layout_rooms,
          shapermc_ecumenical_altar_starsandcircs

Action                   || total
-------------------------++-------
Melee: Unarmed           ||     6
       Punch             ||     1
 Cast: Sandblast         ||     3
Dodge: Dodged            ||     3
